 Dungeon Crawl Stone Soup version 0.29-a0-821-g66395355a5 (console) character file.

Game seed: 1901177294460532497

24 om the Vexing (level 2, 0/19 HPs)
             Began as a Vampire Enchanter on July 7, 2022.
             Succumbed to an adder's poison
             ... on level 2 of the Dungeon.
             The game lasted 00:02:53 (1117 turns).

om the Vexing (Vampire Enchanter)                   Turns: 1117, Time: 00:02:54

Health: 0/19       AC:  2    Str: 13    XL:     2   Next: 79%
Magic:  5/5        EV: 12    Int: 17    God:
Gold:   94         SH:  0    Dex: 14    Spells: 3/5 levels left

rFire   . . .      SeeInvis +   a - +1 dagger
rCold   . . .      Faith    .   (no shield)
rNeg    . . .      Spirit   .   b - +0 robe
rPois   .          Reflect  .   (no helmet)
rElec   .          Harm     .   (no cloak)
rCorr   .          Rampage  .   (no gloves)
Will    .....                   (no boots)
Stlth   +++.......              (no amulet)
HPRegen 0.26/turn               f - +6 ring of strength
MPRegen 0.09/turn               (no ring)

@: lethally poisoned (0 -> -3), healing quickly
A: alive, fangs 3, see invisible, vampiric 1
a: Exsanguinate


You were on level 2 of the Dungeon.
You visited 1 branch of the dungeon, and saw 2 of its levels.

You collected 94 gold pieces.

Inventory:

Hand Weapons
 a - a +1 dagger (weapon)
Armour
 b - a +0 robe (worn)
Jewellery
 f - a +6 ring of strength (left hand)
Scrolls
 e - a scroll of magic mapping {unknown}
 g - a scroll of teleportation {unknown}
Potions
 c - 2 potions of invisibility
 d - a potion of curing {unknown}
 h - a potion of heal wounds {unknown}


   Skills:
 * Level 3.1 Short Blades
 - Level 2.1 Dodging
 - Level 4.4 Stealth
 - Level 2.0 Spellcasting
 - Level 4.4 Hexes


You had 3 spell levels left.
You knew the following spells:

 Your Spells              Type           Power      Damage    Failure   Level
a - Ensorcelled Hibernat  Hex/Ice        18%        N/A       12%         2

Your spell library contained the following spells:

 Spells                   Type           Power      Damage    Failure   Level
 Confusing Touch          Hex            16%        N/A       10%         3
 Tukima's Dance           Hex            16%        N/A       10%         3
 Apportation              Tloc           2%         N/A       19%         1
 Magic Dart               Conj           4%         1d3       19%         1
 Necrotise                Necr           4%         1d4       19%         1
 Summon Small Mammal      Summ           4%         N/A       19%         1
 Dazzling Flash           Conj/Hex       18%        N/A       24%         3
 Call Imp                 Summ           1%         N/A       28%         2
 Mephitic Cloud           Conj/Pois/Air  1%         N/A       50%         3


Dungeon Overview and Level Annotations

Branches:
Dungeon (2/15)

Altars:

Shops:
D:1 ?


Innate Abilities, Weirdness & Mutations

Your natural rate of healing is accelerated.
You have razor-sharp teeth.
You have supernaturally acute eyesight. (SInv)
You are afflicted with vampirism.


Message History

You kill the bat!
You see here a bat corpse.
A rat comes into view.
Found a stone staircase leading down.
A rat is nearby!
The helpless rat fails to defend itself.
You impale the rat!!
You kill the rat!
You now have 94 gold pieces (gained 14).
You see here a +2 plate armour of fire resistance.
A ball python comes into view.
Found 9 gold pieces.
An adder and a dart slug come into view.
The adder hisses angrily.
A giant cockroach comes into view.
The dart slug launches a dart at you. The slug dart hits you.
The adder attacks as you move away! The adder closely misses you.
The ball python hisses angrily.
The adder attacks as you move away! The adder bites you.
The dart slug launches a dart at you. The slug dart misses you.
The adder bites you.
You are poisoned.
The adder poisons you!
You feel sick.
You feel sick.
You feel sick. The adder completely misses you.
You feel sick. The adder bites you but does no damage.
The adder attacks as you move away! The adder closely misses you.
You feel sick.
The ball python attacks as you move away!
The ball python bites you.
You feel sick.
You are no longer poisoned.
The adder bites you.
* * * LOW HITPOINT WARNING * * *
You are lethally poisoned!
The adder poisons you! The adder attacks as you move away!
The adder barely misses you.
* * * LOW HITPOINT WARNING * * *
You feel sick.
You die...

####..♣PP..# .#
...#.P♣PP#.### .# .
#...P......>#### ##.# ♣.
..............[####..# ..
................##.## P ♣.
#.................## ..P♣.
#..................##
P.P...♣♣#...................#
♣P†........S............#
P.P.♣♣♣..##..S.#............
♣.. ##.##@#####........... ♣
♣##..##.# #............♣
♣♣♣♣....##.###.##....B..♣P♣
##.......†#.#...##......P.♣♣
#.............# #.........♣
#...........### #.........P.
#...........## #..........#
#............# .............
#......†...#............$w.#
##.....<..##...............#
#..........#...............#


You could see an adder and a ball python.

Vanquished Creatures
  A dart slug (D:1)
  4 endoplasms (D:1)
  A hobgoblin (D:1)
  2 jackals (D:1)
  3 quokkas
  4 ball pythons
  2 bats (D:2)
  A kobold (D:1)
  2 rats
20 creatures vanquished.

Notes
Turn   | Place    | Note
-------+----------+-------------------------------------------
     0 | D:1      | om the Vampire Enchanter began the quest for the Orb.
     0 | D:1      | Reached XP level 1. HP: 13/13 MP: 3/3
   170 | D:1      | Found Ykomiot's Magic Scroll Emporium.
   488 | D:1      | Reached XP level 2. HP: 17/19 MP: 5/5
   491 | D:1      | Learned a level 2 spell: Ensorcelled Hibernation
  1117 | D:2      | Succumbed to an adder's poison

Illustrated notes

Levels and vault maps discovered:
D:1:      dpeg_arrival_stonehenge_8_columns, layout_loops_ring, serial_shops,
          shop, minmay_pentomino_x4
D:2:      layout_rooms, serial_forest, infiniplex_forest_lined_3,
          infiniplex_forest_lined_2, infiniplex_forest_clump_small,
          infiniplex_forest_clump_small, infiniplex_forest_clump_long,
          infiniplex_forest_3_way, infiniplex_forest_clump_small,
          infiniplex_forest_lined_room_2, nrook_loot_triangle

Skill      XL: |  1  2 |
---------------+-------+-----
Short Blades   | 2 3 |  3.1
Dodging        | |  2.1
Stealth        | |  4.4
Spellcasting   | |  2.0
Hexes          | |  4.4

Action                   || total
-------------------------++-------
Melee: Dagger            ||    64
       Bite              ||     4
 Cast: Ensorcelled Hiber ||     1
 Stab: Sleeping          ||     6
Armor: Robe              ||     9
Dodge: Dodged            ||    38

Table legend: (Time is in decaauts)
 A = Elapsed time spent in this place.
 B = Non-inter-level travel time spent in this place.
 C = Inter-level travel time spent in this place.
 D = Time resting spent in this place.
 E = Time spent auto-exploring this place.
 F = Levels seen in this place.
 G = Mean time per level.
                   A        B        C        D        E       F      G
               +--------+--------+--------+--------+--------+-----+--------+
         Total |   1109 |   1098 |     11 |    352 |    571 |   2 |  554.5 |
       Dungeon |   1109 |   1098 |     11 |    352 |    571 |   2 |  554.5 |
               +--------+--------+--------+--------+--------+-----+--------+

Top non-repeatable levels by time:
     D:1: 1015 daAuts
     D:2: 93 daAuts
